 Dungeon Crawl Stone Soup version 0.22-a0-614-g34fbaa0 (webtiles) character file.

282 EazyBreezy the Slasher (level 6, -4/46 HPs)
             Began as a Demonspawn Gladiator on July 12, 2018.
             Slain by a sky beast (6 damage)
             ... on level 5 of the Dungeon.
             The game lasted 00:07:00 (3218 turns).

EazyBreezy the Slasher (Demonspawn Gladiator)       Turns: 3218, Time: 00:07:01

Health: -4/46      AC:  3    Str: 14    XL:     6   Next: 6%
Magic:  6/6        EV: 13    Int: 10    God:
Gold:   215        SH:  3    Dex: 16    Spells: 5/5 levels left

rFire    . . .     SeeInvis .   m - -1 long sword (curse)
rCold    . . .     Gourm    .   (no shield)
rNeg     . . .     Faith    .   b - +0 leather armour
rPois    .         Spirit   .   (helmet restricted)
rElec    .         Reflect  +   (no cloak)
rCorr    .         Harm     .   (no gloves)
MR       .....                  (no boots)
Stlth    ++........             j - +3 amulet of reflection
HPRegen  0.15/turn              (no ring)
MPRegen  0.10/turn              (no ring)

@: no status effects
A: antennae 1, demonic guardian 1, powered by pain 1
a: no special abilities


You were on level 5 of the Dungeon.
You were not hungry.

You visited 1 branch of the dungeon, and saw 5 of its levels.

You collected 215 gold pieces.

Inventory:

Hand Weapons
 a - a +0 long sword
 m - a cursed -1 long sword (weapon)
Missiles
 d - 3 throwing nets (quivered)
Armour
 b - a +0 leather armour (worn)
 c - a +0 helmet
Jewellery
 j - a +3 amulet of reflection (around neck)
Wands
 e - a wand of polymorph (18)
 o - a wand of flame (38)
 r - a wand of disintegration (6)
 s - a wand of paralysis (9)
 u - a wand of acid (12)
Scrolls
 h - 3 scrolls of teleportation
 k - a scroll of amnesia
 t - a scroll of identify {unknown}
 v - a scroll of enchant armour {unknown}
Potions
 f - a potion of curing {unknown}
 g - a potion of berserk rage {unknown}
 i - 2 potions of degeneration {unknown}
 n - a potion of lignification {unknown}
 p - 2 potions of agility {unknown}
 q - a potion of heal wounds {unknown}
Comestibles
 l - a ration


   Skills:
 * Level 2.8 Fighting
 * Level 4.5 Long Blades
 - Level 1.7 Throwing
 * Level 2.1 Armour
 * Level 3.4 Dodging
 + Level 1.5 Stealth


You had 5 spell levels left.
You didn't know any spells.
Your spell library was empty.

Dungeon Overview and Level Annotations

Branches:
Dungeon (5/15)
 Temple: D:4-7

Altars:
Ashenzari
Sif Muna

Annotations:
D:3 Natasha
D:4 3 runed doors, pmoppi's ghost, amateur GnWn


Innate Abilities, Weirdness & Mutations

You have a pair of small antennae on your head.
A weak demonic guardian rushes to your aid.
You sometimes gain a little power by taking damage.


Message History

You now have 215 gold pieces (gained 13).
Found 16 arrows.
A hound and a sky beast come into view.
Found 17 gold pieces and a mace.
There are monsters nearby!
The hound barks!
The sky beast flickers out of sight!
Deactivating autopickup; reactivate with Ctrl-A.
You barely miss something. Something hits you. Something shocks you.
You barely miss something. Something hits you. Something shocks you.
You hit something. Something hits you. Something shocks you.
* * * LOW HITPOINT WARNING * * *
Something hits you.
* * * LOW HITPOINT WARNING * * *
Something shocks you.
* * * LOW HITPOINT WARNING * * *
You barely miss something. Something hits you.
* * * LOW HITPOINT WARNING * * *
Something shocks you.
You die...

....# #..........##
....#
#...[.....##...##
....#
#######..##.....##
....# ###..# .#)#..#
##### ##....#
..$(..# ##.(.#.#
.#(#..#
##...#..##h....#
####........#{..#
#.....#.##..@##+##
#.......##.5.......#
#..................#
#......#############
#....### #....#
##..## ####


You could see a hound and a friendly shadow imp.

Vanquished Creatures
  A scorpion (D:5)
  A hound (D:5)
  An orc wizard (D:3)
  Ijyb (D:3)
  Natasha (D:3)
  A worker ant (D:5)
  Terence (D:3)
  An adder (D:4)
  A worm (D:3)
  2 dart slugs
  3 leopard geckos
  9 orcs (D:3)
  A giant cockroach (D:4)
  3 goblins
  5 hobgoblins
  4 jackals (D:1)
  7 kobolds
  2 quokkas
  2 ball pythons (D:2)
  5 bats
  3 frilled lizards
  8 rats
63 creatures vanquished.

Vanquished Creatures (collateral kills)
  A hound (D:5)
1 creature vanquished.

Grand Total: 64 creatures vanquished

Notes
Turn   | Place    | Note
-------+----------+-------------------------------------------
     0 | D:1      | EazyBreezy the Demonspawn Gladiator began the quest for the Orb.
     0 | D:1      | Reached XP level 1. HP: 16/16 MP: 1/1
   122 | D:1      | Gained mutation: You sometimes gain a little power by taking damage. [demonic ancestry]
   122 | D:1      | Reached XP level 2. HP: 10/22 MP: 2/2
   216 | D:1      | Reached skill level 3 in Long Blades
   514 | D:2      | Reached XP level 3. HP: 17/27 MP: 3/3
   752 | D:2      | Found a shattered altar of Ashenzari.
  1290 | D:3      | Reached skill level 1 in Armour
  1298 | D:3      | Noticed Ijyb
  1315 | D:3      | Killed Ijyb
  1315 | D:3      | Reached XP level 4. HP: 33/33 MP: 4/4
  1345 | D:3      | Reached skill level 1 in Stealth
  1467 | D:3      | Noticed Natasha
  1475 | D:3      | Killed Natasha
  1475 | D:3      | Reached skill level 4 in Long Blades
  1501 | D:3      | Gained mutation: A weak demonic guardian rushes to your aid. [demonic ancestry]
  1501 | D:3      | Reached XP level 5. HP: 32/39 MP: 5/5
  1749 | D:3      | Noticed Terence
  1759 | D:3      | Killed Terence
  2175 | D:3      | Noticed Natasha
  2488 | D:4      | Found a deep blue altar of Sif Muna.
  2578 | D:4      | Found a runed gate.
  2578 | D:4      | Found a runed gate.
  2578 | D:4      | Found a runed gate.
  2578 | D:4      | Noticed pmoppi's ghost (amateur GnWn)
  2831 | D:5      | Entered Level 5 of the Dungeon
  3101 | D:5      | Gained mutation: You have a pair of small antennae on your head. [demonic ancestry]
  3101 | D:5      | Reached XP level 6. HP: 35/46 MP: 6/6
  3211 | D:5      | Noticed a sky beast
  3218 | D:5      | HP: 2/46 [something (3)]
  3218 | D:5      | Slain by a sky beast

Vault maps used:
D:1:      dpeg_arrival_pond
D:2:      nicolae_ashenzari_panopticon
D:3:      serial_glass, glass_columns_a, glass_columns_b, uniq_natasha,
          uniq_terence, uniq_ijyb
D:4:      kennysheep_mini_moat, gammafunk_ghost_necromancy, first_ration,
          lemuel_old_faithful
D:5:      kennysheep_small_circle, uniq_eustachio

Skill      XL: |  1  2  3  4  5 |
---------------+----------------+-----
Long Blades    | 3 4 |  4.5
Dodging        | 3 |  3.4
Armour         | 1 2 |  2.1
Stealth        | 1 |  1.5
Fighting       | |  2.8
Throwing       | |  1.7

Action                   |  1- 3 |  4- 6 || total
-------------------------+-------+-------++-------
Melee: Long sword        |   111 |   136 ||   247
  Use: Scroll            |     4 |     1 ||     5
 Stab: Sleeping          |     2 |     1 ||     3
       Distracted        |       |     1 ||     1
  Eat: Ration            |     1 |     2 ||     3
Armor: Leather armour    |    24 |    33 ||    57
Dodge: Dodged            |    96 |   105 ||   201
Block: Other             |     4 |    17 ||    21
       Reflection        |       |     1 ||     1
       Rpst.: Long sword |    20 |    32 ||    52

Table legend:
 A = Spawn XP
 B = Non-spawn XP
 C = Spawn XP percentage of total XP
 D = Spawn monster count
 E = Non-spawn monster count
 F = Spawn count percentage of total count
 G = Total turns spent on level
                    A         B        C        D         E        F      G
               +---------+---------+-------+---------+---------+-------+---------
         Total |       0 |     403 |   0.0 |       0 |      64 |   0.0 |  3218
               +---------+---------+-------+---------+---------+-------+---------
           D:1 |       0 |      36 |   0.0 |       0 |      21 |   0.0 |   500
           D:2 |       0 |      23 |   0.0 |       0 |      14 |   0.0 |   706
           D:3 |       0 |     187 |   0.0 |       0 |      21 |   0.0 |   970
           D:4 |       0 |      18 |   0.0 |       0 |       4 |   0.0 |   655
           D:5 |       0 |     139 |   0.0 |       0 |       4 |   0.0 |   387
               +---------+---------+-------+---------+---------+-------+---------
